 Dungeon Crawl Stone Soup version 0.28.0-53-g5a82cb258f (webtiles) character file.

Game seed: 9128116593242285106

1218 mortz the Conjurer (level 8, -1/58 HPs)
             Began as a Demigod Conjurer on June 4, 2022.
             Slain by a gnoll
             ... wielding a +0 halberd
              (12 damage)
             ... on level 6 of the Dungeon on June 5, 2022.
             The game lasted 00:33:53 (6302 turns).

mortz the Conjurer (Demigod Conjurer)               Turns: 6302, Time: 00:33:54

Health: -1/58      AC:  3    Str:  8    XL:     8   Next: 2%
Magic:  2/17       EV: 12    Int: 28    God:
Gold:   274        SH:  0    Dex: 12    Spells: 5/15 levels left

rFire   . . .      SeeInvis .   d - +0 mace (holy) {mace}
rCold   . . .      Faith    .   (no shield)
rNeg    . . .      Spirit   .   r - +0 leather armour
rPois   .          Reflect  .   (no helmet)
rElec   .          Harm     .   (no cloak)
rCorr   .          Rampage  .   (no gloves)
Will    .....                   (no boots)
Stlth   ++........              (no amulet)
HPRegen 0.19/turn               (no ring)
MPRegen 0.15/turn               (no ring)

@: no status effects
A: high MP 1, forlorn, divine attributes
a: no special abilities


You were on level 6 of the Dungeon.
You visited 1 branch of the dungeon, and saw 6 of its levels.

You collected 274 gold pieces.


Innate Abilities, Weirdness & Mutations

You have an increased reservoir of magic. (+10% MP)
You shall have no god before yourself.
Your divine heritage dramatically boosts your attributes as you level up.


   Skills:
 - Level 0.9 Fighting
 - Level 0.9 Maces & Flails
 + Level 2.2 Armour
 + Level 3.3 Dodging
 + Level 3.8 Stealth
 * Level 4.0 Spellcasting
 * Level 5.6 Conjurations
 * Level 4.0 Translocations


You had 5 spell levels left.
You knew the following spells:

 Your Spells              Type           Power      Damage    Failure   Level
a - Magic Dart            Conj           100%       1d8       1%          1
b - Searing Ray           Conj           74%        2d7       1%          2
c - Iskenderun's Mystic   Conj/Tloc      32%        2d8       14%         4
d - Slow                  Hex            20%        N/A       11%         1
e - Scorch                Fire           10%        2d6       16%         2

Your spell library contained the following spells:

 Spells                   Type           Power      Damage    Failure   Level
 Apportation              Tloc           56%        N/A       1%          1
 Dazzling Flash           Conj/Hex       42%        N/A       10%         3
 Animate Skeleton         Necr           10%        N/A       11%         1
 Summon Small Mammal      Summ           20%        N/A       11%         1
 Passage of Golubria      Tloc           28%        N/A       21%         4
 Iskenderun's Battlesphe  Conj           37%        2d9       28%         5
 Confusing Touch          Hex            5%         N/A       30%         3
 Tukima's Dance           Hex            5%         N/A       30%         3
 Vampiric Draining        Necr           5%         2d6       30%         3
 Flame Wave               Conj/Fire      21%        2d7       32%         4
 Fulminant Prism          Conj/Hex       10%        3d9       32%         4
 Fireball                 Conj/Fire      10%        3d6       65%         5
 Anguish                  Hex/Necr       2%         N/A       71%         4
 Silence                  Hex/Air        2%         N/A       96%         5
 Conjure Ball Lightning   Conj/Air       10%        3x3d6     99%         6
 Summon Cactus Giant      Summ           2%         N/A       100%        6
 Enfeeble                 Hex            2%         N/A       100%        7
 Orb of Destruction       Conj           18%        9d8       100%        7
 Lehudib's Crystal Spear  Conj/Erth      10%        10d4      100%        8

Inventory:

Hand Weapons
 b - a +0 dagger {short}
   (You took it off a goblin on level 1 of the Dungeon)
 d - a +0 mace of holy wrath (weapon) {mace}
   (You found it on level 1 of the Dungeon)
 i - a +0 short sword {short}
   (You took it off a kobold on level 2 of the Dungeon)
 j - a +0 trident {polearm}
   (You took it off Terence on level 2 of the Dungeon)
 s - a +0 dagger of pain {short}
   (You took it off Ijyb on level 3 of the Dungeon)
Missiles
 q - 6 poisoned darts {throwing}
Armour
 a - a +0 robe
 r - a +0 leather armour (worn)
   (You took it off Eustachio on level 4 of the Dungeon)
Wands
 t - a wand of flame (16)
   (You took it off Ijyb on level 3 of the Dungeon)
Scrolls
 h - a scroll of enchant armour {unknown}
 l - a scroll of identify {unknown}
 n - a scroll of fear
 o - a scroll of magic mapping {unknown}
 p - a scroll of blinking {unknown}
 u - a scroll of immolation {unknown}
Potions
 e - 2 potions of mutation {unknown}
 f - 2 potions of degeneration {unknown}
 k - a potion of heal wounds {unknown}
 m - a potion of attraction {unknown}
 v - a potion of flight {unknown}
 w - a potion of ambrosia {unknown}
 x - a potion of might {unknown}
 z - a potion of magic {unknown}

Dungeon Overview and Level Annotations

Branches:
Dungeon (6/15)             Temple (0/1) D:5

Shops:
D:2 :

Annotations:
D:2 1 runed translucent door, Crazy Yiuf
D:6 1 transporter

#..........##
#..........<###
##.....?.......# .
#......Z......##
..##............##
.............#..##
............g.#..##
#..............#
##.#......@.#..#
#........####..
...g.........#
#................
..............#...
.......##.#.....####..
................# .
...... .#.......>
......


You could see a gnoll and a centaur skeleton (wandering).


Message History

The killer bee is knocked back by the mystic blast.
The mystic blast hits the killer bee.
The killer bee is knocked back by the mystic blast.
The mystic blast hits the killer bee!
The killer bee is knocked back by the mystic blast. 😕 MP[-4]
You lost 4 mp, and now have 12/16 mp.
Casting: Iskenderun's Mystic Blast (quite dangerous; 16% risk of failure)
Confirm with . or Enter, or press ? or * to list all spells.
Aiming: Searing Ray (safe; 1% risk of failure)
Press: ? - help, Shift-Dir - straight line, f - killer bee
Aim: a killer bee (severely wounded, 61% to hit)
The searing ray hits the killer bee!
You kill the killer bee!
The searing ray hits the iguana. (Press . to maintain the ray.)
The killer bee stings you but does no damage. x2 😕 MP[-2]
You lost 2 mp, and now have 10/16 mp.
The searing ray hits the iguana.
The killer bee stings you.
You are poisoned.
The killer bee poisons you! The killer bee misses you. x4
The killer bee stings you.
You are more poisoned.
The killer bee poisons you! 😮 HP[-5] MP[-1]
You take 5 damage, and now have 36/51 hp.
You lost 1 mp, and now have 9/16 mp.
Casting: Searing Ray (safe; 1% risk of failure)
Confirm with . or Enter, or press ? or * to list all spells.
The spell is quite dangerous to miscast (16% risk of failure)!
Continue anyway?
You erupt in a blast of force!
The mystic blast hits the iguana!
You kill the iguana!
The mystic blast hits the killer bee!
The killer bee is knocked back by the mystic blast.
The mystic blast hits the killer bee!
The killer bee is knocked back by the mystic blast.
The mystic blast hits the killer bee.
The killer bee is knocked back by the mystic blast.
You feel very sick. 😮 HP[-4] MP[-4]
You take 4 damage, and now have 32/51 hp.
You lost 4 mp, and now have 5/16 mp.
As you read the scroll of teleportation {@r4}, it crumbles to dust.
You feel strangely unstable.
You feel very sick. The killer bee stings you.
The killer bee barely misses you. 😮 HP[-4]
You take 4 damage, and now have 28/51 hp.
Casting: Iskenderun's Mystic Blast (quite dangerous; 16% risk of failure)
Confirm with . or Enter, or press ? or * to list all spells.
The spell is quite dangerous to miscast (16% risk of failure)!
Continue anyway?
Uppercase [Y]es or [N]o only, please.
The spell is quite dangerous to miscast (16% risk of failure)!
Continue anyway?
You erupt in a blast of force!
The mystic blast hits the killer bee.
The killer bee is knocked back by the mystic blast.
The mystic blast hits the killer bee!
You kill the killer bee!
The mystic blast hits the killer bee!
You kill the killer bee!
You feel sick.
Your Spellcasting skill increases to level 4!
Your Translocations skill increases to level 4!
You have reached level 8! 😮 HP[+2] MP[-4]
You now have 58 max hp (+7).
You regained 2 hp, and now have 30/58 hp.
You lost 4 mp, and now have 1/17 mp.
Aiming: Magic Dart (safe; 1% risk of failure)
Press: ? - help, Q - select action, (/) - cycle Shift-Dir - straight line, f - killer bee
Aim: a killer bee (heavily wounded, 100% to hit)
The magic dart hits the killer bee.
You feel sick. The killer bee stings you!
* * * LOW HITPOINT WARNING * * *
😨 HP[-8]
You take 8 damage, and now have 22/58 hp.
You barely miss the killer bee.
Your surroundings suddenly seem different.
Found a stone staircase leading down.
You feel sick. 😨 HP[-1]
You take 1 damage, and now have 21/58 hp.
You feel sick. 😨 HP[-1]
You take 1 damage, and now have 20/58 hp.
You feel sick. 😨 HP[-1]
You take 1 damage, and now have 19/58 hp.
You feel sick.
The gnoll zaps a wand.
The puff of flame hits you.
* * * LOW HITPOINT WARNING * * *
😱 HP[-7]
You take 7 damage, and now have 12/58 hp.
You feel sick.
You feel sick.
You are no longer poisoned. 😱 HP[-1] MP[+1]
You take 1 damage, and now have 11/58 hp.
The gnoll hits you from afar with a +0 halberd!
You die...

Skill      XL: |  1  2  3  4  5  6  7 |
---------------+----------------------+-----
Conjurations   | 4 5 |  5.6
Spellcasting   | 2 3 4 |  4.0
Dodging        | 2 3 |  3.3
Stealth        | 2 3 |  3.8
Translocations | 1 2 4 |  4.0
Armour         | 1 2 |  2.2
Fighting       | |  0.9
Maces & Flails | |  0.9

Action                   |  1- 3 |  4- 6 |  7- 9 || total
-------------------------+-------+-------+-------++-------
Melee: Mace              |    20 |     1 |     7 ||    28
 Cast: Magic Dart        |    49 |    40 |    14 ||   103
       Searing Ray       |    19 |    25 |    21 ||    65
       Iskenderun's Myst |       |       |     3 ||     3
       Slow              |       |       |     1 ||     1
  Use: Scroll            |       |     2 |     1 ||     3
       Potion            |       |       |     3 ||     3
Armor: Robe              |     8 |    10 |       ||    18
       Leather armour    |       |     1 |     5 ||     6
Dodge: Dodged            |    21 |    28 |    29 ||    78

Levels and vault maps discovered:
D:1:      dpeg_arrival_windows_large_door, layout_rooms,
          hellmonk_ecumenical_altar_pennies_from_heaven
D:2:      layout_loops_ring, serial_shops, nicolae_lakefront_shop,
          uniq_crazy_yiuf_cottage, uniq_terence
D:3:      layout_basic, ebering_ghost_sewer_f, uniq_ijyb
D:4:      layout_gridville, uniq_eustachio
D:5:      layout_gridville, minmay_temple_entry_antechambers
D:6:      layout_cave_pools, gammafunk_ghost_abyssal_escape,
          serial_park_tiny_pond, kennysheep_potato

Notes
Turn   | Place    | Note
-------+----------+-------------------------------------------
     0 | D:1      | mortz the Demigod Conjurer began the quest for the Orb.
     0 | D:1      | Reached XP level 1. HP: 14/14 MP: 5/5
     0 | D:1      | magus.rc [v1.9.6]
    10 | D:1      | You pick up a book of the Moon and begin reading...
    10 | D:1      | You add the spells Passage of Golubria, Silence and
                  | Lehudib's Crystal Spear to your library.
   167 | D:1      | HP: 3/14 [hobgoblin (1)]
   173 | D:1      | Reached skill level 4 in Conjurations
   319 | D:1      | Reached XP level 2. HP: 14/20 MP: 5/7
   322 | D:1      | Learned a level 2 spell: Searing Ray
   926 | D:2      | Reached skill level 2 in Spellcasting
  1180 | D:2      | Reached skill level 2 in Dodging
  1180 | D:2      | Reached XP level 3. HP: 26/26 MP: 2/8
  1321 | D:2      | Reached skill level 2 in Stealth
  1650 | D:2      | Found Vusexagg's Book Emporium.
  2058 | D:2      | Noticed Terence
  2063 | D:2      | Killed Terence
  2064 | D:2      | Reached skill level 1 in Translocations
  2064 | D:2      | Reached XP level 4. HP: 25/33 MP: 2/10
  2140 | D:2      | Found a runed translucent door.
  2141 | D:2      | Noticed Crazy Yiuf
  2296 | D:3      | Found a runed translucent door.
  2334 | D:3      | Found a runed translucent door.
  2337 | D:3      | Noticed jimbles's ghost (weakling SpDe)
  2575 | D:3      | Noticed Ijyb
  3379 | D:3      | Killed jimbles's ghost
  3443 | D:4      | magus.rc [v1.9.6]
  3543 | D:4      | You pick up a book of Cantrips and begin reading...
  3543 | D:4      | You add the spells Animate Skeleton, Summon Small Mammal
                  | and Apportation to your library.
  3634 | D:4      | Reached XP level 5. HP: 39/39 MP: 6/12
  3727 | D:4      | Noticed Eustachio
  3930 | D:4      | Killed Eustachio
  3931 | D:4      | Reached skill level 3 in Spellcasting
  3931 | D:4      | Reached skill level 2 in Translocations
  3931 | D:4      | Reached XP level 6. HP: 46/46 MP: 4/13
  4111 | D:3      | Killed Ijyb
  4112 | D:3      | Reached skill level 5 in Conjurations
  4220 | D:3      | magus.rc [v1.9.6]
  4228 | D:3      | Learned a level 4 spell: Iskenderun's Mystic Blast
  4445 | D:4      | You pick up a book of the Spheres and begin reading...
  4445 | D:4      | You add the spells Iskenderun's Battlesphere, Fireball,
                  | Conjure Ball Lightning and Orb of Destruction to your
                  | library.
  4574 | D:5      | Entered Level 5 of the Dungeon
  4630 | D:5      | You pick up a book of Debilitation and begin reading...
  4630 | D:5      | You add the spells Slow, Vampiric Draining and Confusing
                  | Touch to your library.
  4690 | D:5      | Reached skill level 3 in Stealth
  4749 | D:5      | Reached skill level 1 in Armour
  4813 | D:5      | Reached XP level 7. HP: 51/51 MP: 7/15
  5006 | D:4      | Reached skill level 3 in Translocations
  5116 | D:5      | You pick up a book of Scorching and begin reading...
  5116 | D:5      | You add the spells Scorch, Flame Wave and Summon Cactus
                  | Giant to your library.
  5172 | D:5      | Reached skill level 3 in Dodging
  5216 | D:5      | Found a staircase to the Ecumenical Temple.
  5492 | D:6      | You pick up a book of Maledictions and begin reading...
  5492 | D:6      | You add the spells Tukima's Dance, Anguish and Enfeeble to
                  | your library.
  5508 | D:5      | HP: 8/51 [killer bee (5)]
  5511 | D:5      | HP: 1/51 [killer bee (5)]
  5829 | D:6      | HP: 8/51 [water moccasin (6)]
  5830 | D:6      | HP: 2/51 [poisoned by a water moccasin]
  5835 | D:6      | HP: 5/51 [water moccasin (2)]
  5838 | D:6      | Reached skill level 2 in Armour
  6116 | D:5      | Learned a level 1 spell: Slow
  6119 | D:5      | Learned a level 2 spell: Scorch
  6288 | D:6      | Found a transporter.
  6295 | D:6      | Reached skill level 4 in Spellcasting
  6295 | D:6      | Reached skill level 4 in Translocations
  6295 | D:6      | Reached XP level 8. HP: 30/58 MP: 1/17
  6299 | D:6      | HP: 12/58 [gnoll/puff of flame (6)]
  6302 | D:6      | Slain by a gnoll

Vanquished Creatures
  Eustachio (D:4)
  A water moccasin (D:6)
  2 necrophages (D:5)
  2 scorpions
  5 killer bees
  2 hounds
  A centaur skeleton (D:6)
  A gnoll shaman (D:4)
  Terence (D:2)
  2 bullfrog skeletons (D:5)
  Ijyb (D:3)
  An iguana (D:6)
  7 gnolls
  5 adders
  A river rat (D:3)
  3 worms
  3 dart slugs (D:2)
  The ghost of jimbles the Sneak, a weakling SpDe (D:3)
  An orc (D:5)
  3 ball pythons
  5 bats
  7 endoplasms
  9 giant cockroaches
  5 goblins
  7 hobgoblins
  3 jackals (D:2)
  4 kobolds
  2 quokkas (D:1)
  5 frilled lizards
  A quokka skeleton (D:4)
  2 rats (D:2)
94 creatures vanquished.

Table legend:
 A = Non-vault XP
 B = Vault XP
 C = Vault XP percentage of total XP
 D = Non-vault monster count
 E = Vault monster count
 F = Vault count percentage of total count
                 A         B        C        D         E       F
            +---------+---------+-------+---------+---------+-------
      Total |    1453 |     288 |  16.5 |      88 |       6 |   6.4
            +---------+---------+-------+---------+---------+-------
        D:1 |      32 |       0 |   0.0 |      18 |       0 |   0.0
        D:2 |      66 |      38 |  36.5 |      26 |       1 |   3.7
        D:3 |      42 |      53 |  55.8 |      10 |       4 |  28.6
        D:4 |     196 |     197 |  50.1 |      10 |       1 |   9.1
        D:5 |     667 |       0 |   0.0 |      16 |       0 |   0.0
        D:6 |     450 |       0 |   0.0 |       8 |       0 |   0.0
            +---------+---------+-------+---------+---------+-------

Illustrated notes

Table legend:
 A = Kills in this place as a percentage of kills in entire the game.
 B = Kills by you in this place as a percentage of kills by you in the entire game.
 C = Kills by friends in this place as a percentage of kills by friends in the entire game.
 D = Other kills in this place as a percentage of other kills in the entire game.
 E = Experience gained in this place as a percentage of experience gained in the entire game.
 F = Experience gained in this place divided by the number of levels of this place that you have seen.
                   A       B       C       D       E      F
               +-------+-------+-------+-------+-------+----------------------
         Total | 100.0 | 100.0 |   N/A |   N/A | 100.0 | 290.2
       Dungeon | 100.0 | 100.0 |   N/A |   N/A | 100.0 | 290.2
               +-------+-------+-------+-------+-------+----------------------

Table legend: (Time is in decaauts)
 A = Elapsed time spent in this place.
 B = Non-inter-level travel time spent in this place.
 C = Inter-level travel time spent in this place.
 D = Time resting spent in this place.
 E = Time spent auto-exploring this place.
 F = Levels seen in this place.
 G = Mean time per level.
                   A        B        C        D        E       F      G
               +--------+--------+--------+--------+--------+-----+--------+
         Total |   6329 |   6039 |    290 |   1186 |   4071 |   6 | 1054.8 |
       Dungeon |   6329 |   6039 |    290 |   1186 |   4071 |   6 | 1054.8 |
               +--------+--------+--------+--------+--------+-----+--------+

Top non-repeatable levels by time:
     D:3: 1734 daAuts
     D:5: 1388 daAuts
     D:2: 1287 daAuts
     D:1: 929 daAuts
     D:4: 881 daAuts
     D:6: 108 daAuts
